[Event "Early-Titled-Tuesday-Blitz-May-28-2024"]
[Site "Chess.com"]
[Date "2024.05.28"]
[Round "8"]
[White "Herzog2012"]
[Black "McCarthyStone"]
[Result "0-1"]
[WhiteElo "2571"]
[BlackElo "2465"]
[TimeControl "180+1"]
[EndTime "9:30:30 PDT"]
[Termination "McCarthyStone won by checkmate"]

1. e4 e5 2. Nc3 d6 3. g3 Nc6 4. Bg2 h5 5. Nf3 Be7 6. d4 exd4 7. Nxd4 h4 8. Nxc6 bxc6 9. f4 Nf6 10. e5 Ng4 11. Bxc6+ Bd7 12. Qf3 Rb8 13. h3 Nh6 14. g4 dxe5 15. fxe5 Bc5 16. Qd5 Bb6 17. Ne4 Bxc6 18.
Qxc6+ Kf8 19. Bd2 Bd4 20. Bc3 Bxc3+ 21. Qxc3 Kg8 22. O-O Qd5 23. Rae1 Re8 24. g5 Rxe5 25. gxh6 Rxh6 26. Ng5 Rxg5+ 27. Kf2 Rf6+ 28. Ke2 Re5+ 29.
Qxe5 Qxe5+ 30. Kd2 Qd6+ 31. Kc1 Rxf1 32. Rxf1 Qg3 33.
Rd1 Qxh3 34. Rd8+ Kh7 35. b4 Qc3 36. a3 h3 37. Rd3 Qxd3 38. cxd3 h2 39. Kc2 h1=Q 40.
Kc3 Qd5 41. d4 g5 42. a4 Kg6 43. b5 Kf5 44. Kb4 Ke4 45. Ka5 Qxd4 46. b6 Qxb6# 0-1

[Event "Early-Titled-Tuesday-Blitz-May-28-2024"]
[Site "Chess.com"]
[Date "2024.05.28"]
[Round "8"]
[White "MiguelBestard1981"]
[Black "AwareIdea"]
[Result "0-1"]
[WhiteElo "2282"]
[BlackElo "2482"]
[TimeControl "180+1"]
[EndTime "9:30:32 PDT"]
[Termination "AwareIdea won on time"]

1. d4 Nf6 2. Bf4 c5 3. e3 cxd4 4. exd4 Qb6 5. Nc3 a6 6. Rb1 d6 7.
Nf3 g6 8. h3 Bg7 9. Be2 O-O 10.
O-O e6 11. d5 e5 12. Be3 Qd8 13. a4 Nbd7 14. Nd2 b6 15. Nc4 Qc7 16. b4 Bb7 17. a5 b5 18. Bb6 Nxb6 19. axb6 Qd8 20.
Na5 Qxb6 21. Nxb7 Qxb7 22. Bf3 Rac8 23. Ne4 Nxe4 24. Bxe4 f5 25. Bf3 e4 26. Be2 Rc3 27. Rb3 Rfc8 28. Rxc3 Rxc3 29. Qd2 Qc7 30. Bd1 Qc4 31. Qg5 Qxd5 32. Qd8+ Bf8 33. g4 Rxh3 34. gxf5 Qxf5 35. Kg2 Rc3 36. Rh1 Rc8 37. Qh4 h5 38.
Rg1 Bg7 39. Kf1 Kh7 40. Rg5 Qe6 41. Bg4 Qc4+ 42. Be2 Qxc2 43. Bxh5 gxh5 44. Qxh5+ Kg8 45. Rxg7+ Kxg7 46. Qg5+ Kf7 47. Qf5+ Ke7 48. Qh7+ Kd8 49. Qg8+ Kc7 50. Qf7+ Kb8 51. Qd5 Qc4+ 52. Qxc4 Rxc4 0-1

[Event "Early-Titled-Tuesday-Blitz-May-28-2024"]
[Site "Chess.com"]
[Date "2024.05.28"]
[Round "8"]
[White "Pasmendjambvirgulptipon98"]
[Black "agvega14"]
[Result "0-1"]
[WhiteElo "2350"]
[BlackElo "2258"]
[TimeControl "180+1"]
[EndTime "9:30:34 PDT"]
[Termination "agvega14 won by checkmate"]

1. c4 e5 2. Nc3 Nc6 3. e3 Bc5 4. Nf3 d6 5. Be2 a6 6. a3 Ba7 7. d4 Nf6 8. d5 Ne7 9. b4 Ng6 10.
O-O O-O 11. Bb2 Bg4 12. Nd2 Bxe2 13. Qxe2 Qd7 14. Nde4 Nxe4 15. Nxe4 h6 16. Qh5 Qe8 17. Ng3 Ne7 18. e4 f5 19. Qxe8 Raxe8 20. Kh1 f4 21. Ne2 f3 22. Ng3 g6 23. Rae1 Rf7 24. Bc1 Kh7 25. Be3 Bxe3 26. Rxe3 Ref8 27. c5 h5 28. h4 Kh6 29. Rc3 Rf4 30. gxf3 Rxh4+ 31. Kg2 Rhf4 32. Ne2 R4f7 33. cxd6 cxd6 34. Rc7 Ng8 35. Rxf7 Rxf7 36. Rc1 Nf6 37. Rc8 Nh7 38. Nc3 Rd7 39. Na4 Ng5 40.
Nb6 Rf7 41. Nc4 Rxf3 42. Nxd6 Rf4 43. Rc4 h4 44. Nxb7 h3+ 45. Kg3 Kh5 46. Rc3 Rg4+ 47. Kh2 Rg2+ 48. Kh1 Rxf2 49. d6 Nf3 50. Rxf3 Rxf3 51.
Nc5 Kh4 52. d7 Kg3 53. Kg1 h2+ 54. Kh1 Rf1# 0-1

[Event "Early-Titled-Tuesday-Blitz-May-28-2024"]
[Site "Chess.com"]
[Date "2024.05.28"]
[Round "8"]
[White "mortngabriel"]
[Black "KubaGepard"]
[Result "1-0"]
[WhiteElo "2488"]
[BlackElo "2577"]
[TimeControl "180+1"]
[EndTime "9:30:35 PDT"]
[Termination "mortngabriel won by checkmate"]

1. e4 e5 2. f4 exf4 3. Nf3 Nf6 4. e5 Nh5 5. d4 g6 6. Qe2 d5 7. exd6+ Be6 8. d5 Qxd6 9. dxe6 fxe6 10. Nc3 Bg7 11.
Qb5+ Nc6 12. Bd2 O-O 13. O-O-O a6 14. Qd3 Qe7 15. Qe4 Rad8 16. Bc4 Rd6 17. Rhe1 Kh8 18. Kb1 Nd8 19. Ne5 b5 20. Bd3 Kg8 21. Ne2 Nf6 22. Qf3 Nd5 23. Nc3 Nb4 24. Ne4 Nxd3 25. Nxd3 Rc6 26. Bb4 Qe8 27. Bxf8 Qxf8 28. Qxf4 Qe8 29. Ng5 Rc4 30. Qe3 Rc6 31. Nf4 e5 32. Nd5 Nb7 33.
Ne4 h6 34. Qg3 Kh7 35. Rf1 Qe7 36. Qg4 Qd8 37. Ndf6+ Bxf6 38. Rxd8 Bxd8 39. Qf3 Nd6 40. Qf8 Be7 41. Rf7+ Nxf7 42. Qxf7+ Kh8 43. Qxe7 Rd6 44. Nxd6 e4 45. Qf8+ Kh7 46. Qf7+ Kh8 47. Ne8 e3 48. Qg7# 1-0

[Event "Early-Titled-Tuesday-Blitz-May-28-2024"]
[Site "Chess.com"]
[Date "2024.05.28"]
[Round "8"]
[White "GianmarcoVaR"]
[Black "the_chess_child"]
[Result "0-1"]
[WhiteElo "2723"]
[BlackElo "2898"]
[TimeControl "180+1"]
[EndTime "9:30:36 PDT"]
[Termination "the_chess_child won by resignation"]

1. e4 c5 2. Nf3 e6 3. d4 cxd4 4.
Nxd4 Nf6 5. Nc3 Nc6 6. a3 d6 7. Be3 Be7 8. Nxc6 bxc6 9. Qf3 Qc7 10. g4 Rb8 11. g5 Nd7 12. O-O-O Qa5 13. h4 d5 14. Nb1 Ba6 15. Bxa6 Qxa6 16. h5 O-O 17.
g6 Bf6 18. Bd4 fxg6 19. Qh3 Bg5+ 20. Be3 Bxe3+ 21. fxe3 Qb6 22. Qxe6+ Kh8 23. hxg6 Qxb2+ 24. Kd2 Nf6 25. Rxh7+ Nxh7 26. Qh3 Rf2+ 27. Ke1 Kg8 28. Qxh7+ Kf8 29. Kxf2 Qxc2+ 30. Kg3 Qxd1 31. Qh8+ Ke7 32. Qxg7+ Kd6 33. Qf6+ Kc5 34. Qc3+ Kd6 35. Qf6+ Kc7 36.
Qe7+ Kc8 37. Qe8+ Kb7 38. Qd7+ Kb6 39. Nc3 Qg1+ 40. Kf3 Rf8+ 41. Ke2 Qf1+ 42. Kd2 Rf2+ 43. Ne2 Qxe2+ 44. Kc3 Qxe3+ 45. Kb4 Qc5+ 0-1

[Event "Early-Titled-Tuesday-Blitz-May-28-2024"]
[Site "Chess.com"]
[Date "2024.05.28"]
[Round "8"]
[White "Fh2411"]
[Black "Alphafischer2019"]
[Result "1-0"]
[WhiteElo "2560"]
[BlackElo "2668"]
[TimeControl "180+1"]
[EndTime "9:30:36 PDT"]
[Termination "Fh2411 won on time"]

1. d4 Nf6 2. Nf3 g6 3. c4 c5 4. Nc3 cxd4 5. Nxd4 Nc6 6. Bg5 Bg7 7. e3 O-O 8. Be2 d6 9. O-O Bd7 10. h3 Rc8 11. Bh4 Ne5 12. b3 a6 13. a4 Qa5 14.
Bxf6 Bxf6 15. Nd5 Kg7 16. Nxf6 exf6 17. Qe1 Qc5 18. a5 Rfe8 19. Qd2 h5 20. Rfd1 Red8 21.
Nc2 Bf5 22. Nb4 Be4 23. Nd5 Re8 24. b4 Qc6 25. Rac1 Rcd8 26. Qd4 Bf5 27. f4 Nd7 28.
Bf3 Qa4 29. Ra1 Qb3 30. Rac1 h4 31. Kh2 Re6 32. Rc3 Qb2 33. e4 Bxh3 34. Kxh3 Rh8 35.
Rcd3 Qa2 36. Bg4 Ne5 37. Bxe6 Nxd3 38. Qxf6+ Kh7 39. Qxf7+ Kh6 40. Rxd3 Qa1 41. Kh2 Qf1 42. Rh3 Qe1 43. Nf6 1-0

[Event "Early-Titled-Tuesday-Blitz-May-28-2024"]
[Site "Chess.com"]
[Date "2024.05.28"]
[Round "8"]
[White "Slovineanu"]
[Black "ViktoriyaTarasova"]
[Result "0-1"]
[WhiteElo "2529"]
[BlackElo "2388"]
[TimeControl "180+1"]
[EndTime "9:30:36 PDT"]
[Termination "ViktoriyaTarasova won on time"]

1. d4 Nf6 2. Nf3 e6 3. c4 b6 4. e3 Bb7 5. Bd3 d5 6. b3 Bd6 7. O-O Nbd7 8. Bb2 O-O 9. Nc3 a6 10. Rc1 Qe7 11. a4 c5 12. cxd5 exd5 13. Ne2 Rac8 14.
Re1 Ne4 15. Nf4 Ndf6 16. Ne5 Rc7 17. Rc2 Rfc8 18. f3 Ng5 19. Bf5 Rd8 20. Qd2 Bc8 21. Bxc8 Rdxc8 22. Rec1 Ne6 23. g3 cxd4 24. exd4 Nxf4 25.
Rxc7 Rxc7 26. Qxf4 Rxc1+ 27. Qxc1 Qc7 28. Qxc7 Bxc7 29.
Ba3 Bxe5 30. dxe5 Nd7 31. f4 g5 32. Kf2 gxf4 33. gxf4 Kg7 34. Kf3 Kg6 35. Kg4 h5+ 36.
Kh4 Kf5 37. Bd6 Kg6 38. f5+ Kxf5 39. Kxh5 d4 40. Kh4 d3 41. Bb4 Nxe5 42. Kg3 a5 43.
Bd2 Nc6 44. h4 Kg6 45. Kg4 f5+ 46. Kf4 Nd4 47. Ke3 Nxb3 0-1

[Event "Early-Titled-Tuesday-Blitz-May-28-2024"]
[Site "Chess.com"]
[Date "2024.05.28"]
[Round "8"]
[White "abelmat"]
[Black "gabduschew"]
[Result "0-1"]
[WhiteElo "2064"]
[BlackElo "2314"]
[TimeControl "180+1"]
[EndTime "9:30:36 PDT"]
[Termination "gabduschew won on time"]

1. d4 Nf6 2. c4 e5 3. dxe5 Ng4 4. Nf3 Nc6 5. Bg5 Be7 6. Bf4 Bb4+ 7. Nbd2 Qe7 8. e3 Ngxe5 9. Nxe5 Nxe5 10. Be2 O-O 11. O-O Bxd2 12. Qxd2 d6 13. h3 Be6 14. Rac1 Rfd8 15. Qc3 Bf5 16. c5 Rac8 17. b4 Ng6 18. Bg3 dxc5 19. bxc5 Be4 20. Rfd1 Bc6 21. Bc4 Rxd1+ 22.
Rxd1 Rd8 23. Rd4 h5 24. Qd3 Rxd4 25. Qxd4 h4 26. Bh2 Qg5 27. Bf1 Nf8 28. Bxc7 Ne6 29.
Qe5 Qg6 30. a3 Qb1 31. a4 Bxa4 32. Bd6 Bb5 33. Kh2 Qxf1 34. Qh5 Bc6 35. f3 g6 36. Qg4 Qf2 37. e4 Qd4 38. Bf4 a5 0-1

[Event "Early-Titled-Tuesday-Blitz-May-28-2024"]
[Site "Chess.com"]
[Date "2024.05.28"]
[Round "8"]
[White "FLYD"]
[Black "Fore_Man"]
[Result "1-0"]
[WhiteElo "2067"]
[BlackElo "2206"]
[TimeControl "180+1"]
[EndTime "9:30:36 PDT"]
[Termination "FLYD won on time"]

1. e4 e6 2. d4 d5 3. Nc3 Bb4 4. Ne2 dxe4 5. a3 Be7 6. Nxe4 Nf6 7. Nxf6+ Bxf6 8. c3 b6 9. Be3 Bb7 10. Nf4 Nd7 11. Bb5 a6 12. Be2 O-O 13. Bf3 Bxf3 14.
Qxf3 c5 15. dxc5 Nxc5 16. O-O Qc7 17. Rad1 Rad8 18. Nh5 Be5 19. g3 Na4 20. Qg4 Nxb2 21. Rxd8 Rxd8 22. Bf4 g6 23. Nf6+ Kg7 24. Nh5+ Kh8 25. Nf6 Bxf4 26. gxf4 Kg7 27. Nh5+ Kh8 28. Nf6 Qe7 29. Ne4 Nc4 30. Ng5 Kg7 31. Re1 Rd3 32. Nxe6+ fxe6 33. Rxe6 Qf7 34. Re4 Rxc3 35. Qg5 Rc1+ 36.
Kg2 h6 37. Qh4 Qb7 38. f3 Nd2 39. Re7+ Qxe7 40. Qxe7+ Kg8 41. Qe6+ Kg7 42. Qd7+ Kg8 43. Qxd2 Ra1 44. Qd5+ 1-0

[Event "Early-Titled-Tuesday-Blitz-May-28-2024"]
[Site "Chess.com"]
[Date "2024.05.28"]
[Round "8"]
[White "eagleclaw07"]
[Black "Chopper1905"]
[Result "1-0"]
[WhiteElo "2862"]
[BlackElo "2956"]
[TimeControl "180+1"]
[EndTime "9:30:37 PDT"]
[Termination "eagleclaw07 won by checkmate"]

1. d4 Nf6 2. c4 e6 3. g3 c5 4. d5 exd5 5. cxd5 d6 6. Nc3 g6 7. Nf3 Bg7 8. Bg2 O-O 9. O-O Re8 10. Bf4 Bg4 11. h3 Bxf3 12. Bxf3 Nbd7 13. Qc2 Ne5 14. Bg2 Rc8 15. g4 h5 16. g5 Nh7 17. h4 f6 18. Bxe5 Rxe5 19. f4 Re3 20. Qxg6 Qe8 21. Qf5 fxg5 22. hxg5 Rc7 23. Ne4 Rxe2 24. Rae1 Rxe1 25. Rxe1 Re7 26. Kh2 Nf8 27. Nxd6 Qd7 28.
Qxd7 Rxd7 29. Nc4 Ng6 30. Bh3 Rd8 31. Be6+ Kh8 32. f5 b5 33. Na5 Nf4 34. f6 Bf8 35. Kg3 Nxd5 36. Rd1 Bd6+ 37. Kh4 Nc7 38. Bb3 c4 39. Nb7 Rg8 40. Nxd6 cxb3 41. axb3 Ne6 42. Nf7+ Kh7 43. Kxh5 Nf4+ 44. Kg4 Ng2 45. Rh1+ Kg6 46. Ne5# 1-0

[Event "Early-Titled-Tuesday-Blitz-May-28-2024"]
[Site "Chess.com"]
[Date "2024.05.28"]
[Round "8"]
[White "wonderfultime"]
[Black "ChessShop"]
[Result "1-0"]
[WhiteElo "3003"]
[BlackElo "2667"]
[TimeControl "180+1"]
[EndTime "9:30:37 PDT"]
[Termination "wonderfultime won on time"]

1. d4 d6 2. e4 Nf6 3. Nc3 e5 4. Bc4 exd4 5. Qxd4 Be7 6. Nf3 Nc6 7. Qe3 Ng4 8. Qf4 Nge5 9. Bb3 O-O 10. O-O Nxf3+ 11. Qxf3 Nd4 12. Qg3 Bh4 13. Qd3 Nxb3 14. axb3 a6 15.
Be3 Bf6 16. Rad1 Bd7 17. f4 Bc6 18. Bd4 Re8 19. Rfe1 Bxd4+ 20. Qxd4 Qh4 21. Qf2 Qxf2+ 22. Kxf2 Re7 23. Re3 Rae8 24. Rde1 h5 25. g3 f6 26. h3 Kf7 27. g4 hxg4 28. hxg4 Rh8 29. Kg3 Rhe8 30.
Kf3 Rh8 31. Kg3 Rhe8 32. f5 d5 33. Rd1 dxe4 34. Kf4 a5 35. Ne2 Rd7 36. Rxd7+ Bxd7 37. Rxe4 Rxe4+ 38. Kxe4 Bc6+ 39. Kf4 Ke7 40. Nd4 Kd6 41.
g5 fxg5+ 42. Kxg5 Be4 43. Kf4 Bd5 44. Nb5+ Kc6 45. Ke5 Bf7 46. Nd4+ Kd7 47. Nf3 Ke7 48.
Ng5 Bg8 49. Ne4 b6 50. Nf2 Bf7 51. Nd3 Bh5 52. b4 axb4 53. Nxb4 Kd7 54. Nd5 Bd1 55. c3 b5 56. Nf4 Ke7 57. Ne6 c6 58. Nxg7 Bc2 59.
Ne6 Bd3 60. f6+ Kf7 61. Nd8+ 1-0

[Event "Early-Titled-Tuesday-Blitz-May-28-2024"]
[Site "Chess.com"]
[Date "2024.05.28"]
[Round "8"]
[White "KhBegmuratov"]
[Black "Alex_Sahakyan2006"]
[Result "1-0"]
[WhiteElo "2708"]
[BlackElo "2833"]
[TimeControl "180+1"]
[EndTime "9:30:38 PDT"]
[Termination "KhBegmuratov won by checkmate"]

1. e4 e5 2. Nf3 Nc6 3. Bc4 Nf6 4. d3 Bc5 5. O-O d6 6. c3 O-O 7. a4 a6 8. h3 Be6 9. Bxe6 fxe6 10.
b4 Bb6 11. Nbd2 d5 12. Re1 Re8 13. Qc2 d4 14. Nc4 dxc3 15. Nxb6 cxb6 16. Qxc3 Rc8 17. Nxe5 Nd4 18. Qd2 Nb3 19. Qb2 Nxa1 20. Qxa1 Nd7 21.
Nc4 Qe7 22. b5 axb5 23. axb5 Nc5 24. Nxb6 Rcd8 25. Ba3 Rxd3 26. Qc1 Nb3 27. Qc2 Qd8 28. Nc4 Qd4 29. Bb2 Qd8 30. Ne5 Rd2 31. Qxb3 Qf6 32.
Rf1 Qf4 33. Bc1 Qxe5 34. Bxd2 Qxe4 35. Qe3 Qd5 36. b6 Rc8 37. Bc3 Rc4 38. Re1 Qc6 39.
Be5 h6 40. Qg3 g5 41. Qd3 Kf7 42. Qh7+ Ke8 43. Rd1 Rc5 44. Qg8+ Ke7 45. Qg7+ Ke8 46. Bf6 Rd5 47. Qe7# 1-0

[Event "Early-Titled-Tuesday-Blitz-May-28-2024"]
[Site "Chess.com"]
[Date "2024.05.28"]
[Round "8"]
[White "Losingexperience"]
[Black "edgarhay012"]
[Result "0-1"]
[WhiteElo "2759"]
[BlackElo "2639"]
[TimeControl "180+1"]
[EndTime "9:30:38 PDT"]
[Termination "edgarhay012 won on time"]

1. e4 c5 2. Nf3 e6 3. d4 cxd4 4. Nxd4 Nf6 5. Nc3 Nc6 6. Ndb5 Bb4 7. a3 Bxc3+ 8. Nxc3 d5 9. exd5 exd5 10. Bd3 O-O 11. O-O h6 12. Re1 d4 13. Ne4 Bf5 14. Ng3 Bxd3 15. Qxd3 Qd5 16. b4 Rfe8 17. Bb2 Rxe1+ 18.
Rxe1 Rd8 19. Nf5 a6 20. h3 Rd7 21. Bc1 Ne5 22. Qg3 Ng6 23. Nh4 Nxh4 24. Qxh4 Qf5 25. Re2 Rc7 26. Qg3 Rxc2 27. Bxh6 Nh5 28. Qb8+ Kh7 29.
Rxc2 Qxc2 30. Bg5 f6 31. Bf4 d3 32. Qd6 Nxf4 33. Qxf4 d2 34. Qh4+ Kg8 35. Kh2 d1=Q 36.
Qf4 Qd8 37. Qf5 Qcc7+ 38. f4 Qcd7 39. Qe4 Q7e7 40. Qc4+ Qf7 41. Qe4 Qdc7 42. Kg3 g5 0-1

[Event "Early-Titled-Tuesday-Blitz-May-28-2024"]
[Site "Chess.com"]
[Date "2024.05.28"]
[Round "8"]
[White "Shushik"]
[Black "hsd2016"]
[Result "1-0"]
[WhiteElo "2563"]
[BlackElo "2429"]
[TimeControl "180+1"]
[EndTime "9:30:38 PDT"]
[Termination "Shushik won by resignation"]

1. e4 c5 2. Ne2 Nf6 3. Nbc3 Nc6 4. d4 cxd4 5. Nxd4 e6 6. Ndb5 Bb4 7. a3 Bc5 8. Bf4 O-O 9. Bd6 Bxd6 10. Qxd6 Qb6 11. O-O-O a6 12. Nc7 Ne8 13. Nxa8 Qa7 14. Qd2 Qxa8 15.
g4 b5 16. Be2 Bb7 17. g5 Ne5 18. f3 d5 19. exd5 Nd6 20. dxe6 Ndc4 21. exf7+ Rxf7 22. Qd8+ Rf8 23. Qxa8 Bxa8 24. Rhe1 Ng6 25. Nd5 Bxd5 26.
Rxd5 Nf4 27. Bxc4 bxc4 28. Rd4 Ng2 29. Re2 Nf4 30. Re7 Ng6 31. Ra7 Rxf3 32. Rxc4 Rf1+ 33. Kd2 Rf2+ 34. Kc3 Rxh2 35. Rc8+ Nf8 36. Rxa6 Rf2 37.
Raa8 Kf7 38. b4 Ke7 39. b5 Nd7 40. Re8+ Kd6 41. Rad8 Rf3+ 42. Kb2 Kc7 43. Rc8+ Kb6 44. a4 Nc5 45. Rc6+ Ka5 46. Rxc5 Kb4 47. Rd5 Kxa4 48. b6 1-0

[Event "Early-Titled-Tuesday-Blitz-May-28-2024"]
[Site "Chess.com"]
[Date "2024.05.28"]
[Round "8"]
[White "ljuks68"]
[Black "The_Machine04"]
[Result "1-0"]
[WhiteElo "2451"]
[BlackElo "2790"]
[TimeControl "180+1"]
[EndTime "9:30:39 PDT"]
[Termination "ljuks68 won by checkmate"]

1. e4 d6 2. d4 Nf6 3. Nc3 e5 4. dxe5 dxe5 5. Qxd8+ Kxd8 6. f4 Bb4 7. Bd3 Re8 8. fxe5 Nxe4 9. Ne2 Rxe5 10. Bf4 Re7 11. O-O-O Nxc3 12. Nxc3 Bxc3 13. Bxh7+ Bd7 14. bxc3 Kc8 15.
Rhe1 Rxe1 16. Rxe1 Be6 17. g4 a5 18. h4 Ra6 19. h5 Nd7 20. g5 b5 21. Bd3 f6 22.
h6 gxh6 23. gxh6 Nf8 24. h7 Nxh7 25. Bxh7 Bxa2 26. Bf5+ Kb8 27. Re8+ Kb7 28. Be4+ c6 29. Re7+ Kc8 30. Bc7 Bd5 31. Bf5+ Kb7 32. Bxa5+ Ka8 33. Bd8 Ra1+ 34. Kd2 Rf1 35. Bc8 Rf2+ 36. Ke3 Rxc2 37. Bb7+ Kb8 38. Kd3 Rc1 39. Bb6 Rd1+ 40. Kc2 Rh1 41.
Ba6 Rh8 42. Bd4 Rf8 43. Rb7+ Ka8 44. Bc5 Re8 45. Rg7 f5 46. Bb7+ Kb8 47. Bd6+ Ka7 48. Bxc6+ Kb6 49. Bxe8 f4 50. Bxf4 Bc4 51. Be3+ Ka5 52.
Ra7# 1-0

[Event "Early-Titled-Tuesday-Blitz-May-28-2024"]
[Site "Chess.com"]
[Date "2024.05.28"]
[Round "8"]
[White "GeorgiosSouleidis"]
[Black "LLariMarc"]
[Result "1-0"]
[WhiteElo "2613"]
[BlackElo "2507"]
[TimeControl "180+1"]
[EndTime "9:30:39 PDT"]
[Termination "GeorgiosSouleidis won by resignation"]

1. e4 e6 2. d4 d5 3. Nc3 Bb4 4. Ne2 dxe4 5. a3 Be7 6. Nxe4 Nf6 7. N2g3 a6 8. Bd3 Nbd7 9. Qe2 b5 10. O-O Bb7 11. c3 h6 12. Bf4 O-O 13. Rad1 Nxe4 14. Nxe4 Rc8 15. Rfe1 Nf6 16. Be5 Nxe4 17. Bxe4 Bxe4 18.
Qxe4 c6 19. Rd3 Bf6 20. Rg3 Kh8 21. Bxf6 Qxf6 22. Rf3 Qe7 23. h4 Rfd8 24. Rd3 Kg8 25. g3 Qd6 26. Red1 Qd5 27. Qxd5 cxd5 28. g4 h5 29. g5 g6 30. Kg2 a5 31. Ra1 Rb8 32.
Kf3 Rdc8 33. Ke3 Kf8 34. Ra2 b4 35. cxb4 axb4 36. a4 b3 37. Ra3 Rc4 38. a5 Rcb4 39.
a6 Ra8 40. Rd1 Rb6 41. a7 Ke7 42. Kd3 Kd6 43. Rda1 e5 44. Ra6 e4+ 45. Kc3 Kc6 46.
Rxb6+ Kxb6 47. Kxb3 Rxa7 48. Rxa7 Kxa7 49. Kb4 Kb6 50.
b3 Kc6 51. Ka5 f6 52. gxf6 Kd6 53. b4 g5 54. f7 Ke7 55. f8=Q+ Kxf8 56. b5 gxh4 57.
b6 h3 58. b7 h2 59. b8=Q+ Ke7 60. Qxh2 1-0

[Event "Early-Titled-Tuesday-Blitz-May-28-2024"]
[Site "Chess.com"]
[Date "2024.05.28"]
[Round "8"]
[White "dmosesov"]
[Black "Yaacovn"]
[Result "0-1"]
[WhiteElo "2657"]
[BlackElo "2861"]
[TimeControl "180+1"]
[EndTime "9:30:40 PDT"]
[Termination "Yaacovn won by resignation"]

1. e4 c6 2. Nf3 d5 3. Nc3 dxe4 4. Nxe4 Nf6 5. Qe2 Bg4 6. Nxf6+ gxf6 7. h3 Bxf3 8. Qxf3 Qd5 9. Be2 Nd7 10. O-O e6 11. b3 Bd6 12. Bb2 O-O-O 13. Rad1 Rhg8 14. c4 Qxf3 15. Bxf3 Ne5 16. Be4 f5 17. Bc2 Ng6 18. Kh1 Nf4 19. Rg1 Rg6 20. h4 Rdg8 21. g3 Nh3 22. Rg2 Nxf2+ 23. Rxf2 Rxg3 24. Rh2 Rf3 25. Bd4 Bxh2 26.
Kxh2 Rf4 27. Bf6 Rf2+ 28. Kh1 h6 29. Bd3 Rgg2 30. Be5 Rxd2 31. Rxd2 Rxd2 32. Bf1 Rxa2 33. h5 Rd2 34. Bg7 Rd1 35. Kg2 Kd7 36. Bxh6 Ke7 37. Be3 f6 38. Bxa7 Kf7 39. Be3 Rb1 40. Kf2 Rxb3 41.
h6 Kg6 42. Be2 e5 43. Bh5+ Kh7 44. Bf7 f4 45. Bd2 Rb2 46. Ke2 f3+ 47. Ke3 f2 48. Kxf2 Rxd2+ 0-1

[Event "Early-Titled-Tuesday-Blitz-May-28-2024"]
[Site "Chess.com"]
[Date "2024.05.28"]
[Round "8"]
[White "Sippp"]
[Black "viktorskliarov"]
[Result "1-0"]
[WhiteElo "2796"]
[BlackElo "2638"]
[TimeControl "180+1"]
[EndTime "9:30:40 PDT"]
[Termination "Sippp won by resignation"]

1. e4 c5 2. Nf3 Nc6 3. d4 cxd4 4.
Nxd4 Nf6 5. Nc3 e5 6. Ndb5 d6 7.
Nd5 Nxd5 8. exd5 Nb8 9. Qf3 a6 10. Qa3 Be7 11. Bg5 f6 12. Bd2 O-O 13. Bb4 Nd7 14.
Bxd6 axb5 15. Bxe7 Qe8 16. Qxa8 Qxe7 17. O-O-O Qc5 18.
Qa5 Qxf2 19. Bxb5 Nc5 20. d6 Bf5 21. Qd2 Ne4 22. Qd5+ Kh8 23. Rhf1 Qe3+ 24. Kb1 Bg6 25.
Rfe1 Qb6 26. d7 Rd8 27. a4 Nc5 28. Qd6 Qxd6 29. Rxd6 Bf5 30. a5 Kg8 31. b4 Ne4 32. Rb6 Nc3+ 33. Kb2 Nxb5 34. Rxb5 Rxd7 35. Re2 Be6 36. Rc5 Kf7 37. b5 Ke7 38. Kc3 g5 39.
b6 Bd5 40. Rd2 Bc6 41. Rxc6 Rxd2 42. Kxd2 bxc6 43. a6 1-0

[Event "Early-Titled-Tuesday-Blitz-May-28-2024"]
[Site "Chess.com"]
[Date "2024.05.28"]
[Round "8"]
[White "korbul"]
[Black "rollercoaster29"]
[Result "1/2-1/2"]
[WhiteElo "2665"]
[BlackElo "2548"]
[TimeControl "180+1"]
[EndTime "9:30:42 PDT"]
[Termination "Game drawn by repetition"]

1. d4 Nf6 2. Nf3 g6 3. c4 Bg7 4.
Nc3 O-O 5. e4 d6 6. h3 e5 7. d5 Nbd7 8. Be3 Nc5 9. Nd2 a5 10. g4 Ne8 11. Qc2 f5 12. gxf5 gxf5 13.
O-O-O f4 14. Bxc5 dxc5 15. Be2 Kh8 16. Bg4 Nd6 17. Qd3 Qe7 18. Nf3 Bf6 19. Rdg1 Rg8 20. Bxc8 Raxc8 21. b3 Bh4 22. Qf1 Nf7 23. Rg4 Bf6 24.
Rhg1 Nh6 25. Rxg8+ Rxg8 26. Rxg8+ Kxg8 27. h4 Nf7 28. Qh3 Nd6 29. Nb5 Nxb5 30. cxb5 c4 31. Qc8+ Kg7 32.
Kb2 c3+ 33. Kc2 Qc5 34. Qd7+ Kh8 35. Qe8+ Kg7 36. Qd7+ Kh6 37. Ng5 Qxf2+ 38. Kxc3 Bxg5 39. hxg5+ Kxg5 40. Qf5+ Kh4 41. Qxe5 Qe3+ 42. Kb2 Qd2+ 43. Ka3 f3 44. Qf5 Qb4+ 45. Kb2 Qd2+ 46. Ka3 f2 47. e5 Qb4+ 48. Kb2 Qd2+ 49. Ka3 Qb4+ 50. Kb2 Qd2+ 51. Ka3 1/2-1/2

[Event "Early-Titled-Tuesday-Blitz-May-28-2024"]
[Site "Chess.com"]
[Date "2024.05.28"]
[Round "8"]
[White "NikitaShnadrygin"]
[Black "Redbandit87"]
[Result "1-0"]
[WhiteElo "2760"]
[BlackElo "2395"]
[TimeControl "180+1"]
[EndTime "9:30:42 PDT"]
[Termination "NikitaShnadrygin won by resignation"]

1. e4 e5 2. Nf3 Nc6 3. Bb5 Bc5 4.
c3 f5 5. exf5 e4 6. d4 exf3 7.
dxc5 fxg2 8. Rg1 Qe7+ 9. Be3 Nf6 10. Rxg2 d5 11. cxd6 cxd6 12. Na3 Bxf5 13. Bd3 Bxd3 14. Qxd3 Ne5 15. Qe2 O-O 16. O-O-O Rad8 17. Nb5 a6 18.
Nd4 Nd5 19. Rdg1 g6 20. Bg5 Qf7 21. Bxd8 Rxd8 22. Qe4 Nf4 23. Nf5 Ned3+ 24. Kb1 Kf8 25. Nh6 Qf6 26. Rg3 d5 27. Qf3 Ne5 28. Qe3 Nc4 29. Qd4 Qxd4 30. cxd4 Nd2+ 31. Kc2 Ne2 32. Kxd2 Nxg1 33. Rxg1 Kg7 34. Ng4 h5 35. Ne5 Rd6 36. Ke3 Kh6 37. f4 Rf6 38. b3 h4 39. Rg4 Kh5 40.
Rg5+ Kh6 41. h3 Re6 42. Rg4 Rf6 43. Rxh4+ Kg7 44. Rg4 Rb6 45. Rxg6+ Rxg6 46. Nxg6 Kxg6 47. h4 Kf5 48. h5 b5 49. Kd3 b4 50. Ke3 a5 51.
Kf3 Kf6 52. Kg4 Kf7 53. Kg5 Ke7 54. Kf5 Kd6 55. h6 Ke7 56. h7 Kd6 57. h8=Q a4 58. Qf6+ Kc7 59. Qe5+ Kb6 60. Ke6 axb3 61. axb3 Kb5 62.
Qxd5+ Ka6 63. f5 Kb6 64. f6 1-0

[Event "Early-Titled-Tuesday-Blitz-May-28-2024"]
[Site "Chess.com"]
[Date "2024.05.28"]
[Round "8"]
[White "gpsji27"]
[Black "eightbyeightchess"]
[Result "1-0"]
[WhiteElo "2312"]
[BlackElo "2400"]
[TimeControl "180+1"]
[EndTime "9:30:42 PDT"]
[Termination "gpsji27 won by resignation"]

1. d4 Nf6 2. Nf3 g6 3. Nc3 Bg7 4. e4 O-O 5. h3 d6 6. Be3 Nbd7 7. Qd2 e5 8. O-O-O exd4 9. Nxd4 Re8 10. f3 Nf8 11. g4 Ne6 12. h4 a6 13. h5 b5 14. hxg6 fxg6 15. g5 Nh5 16. Nf5 Qd7 17. Bh3 Qf7 18. Nxg7 Nexg7 19. Bg4 Be6 20. Bd4 b4 21.
Bxe6 Nxe6 22. Nd5 Nxd4 23. Qxd4 c6 24. Nf6+ Nxf6 25. gxf6 Re6 26. Qxb4 Qxf6 27. Rh3 Kg7 28. Rdh1 h5 29. Qb7+ Re7 30. Qxa8 Qd4 31. Kb1 c5 32. a3 c4 33. Qd5 Qe3 34. Qxd6 Rb7 35. f4 Qxe4 36. Qe5+ Qxe5 37. fxe5 Re7 38. Re3 Kh6 39. Re4 Re6 40. Rxc4 g5 41. Rd4 Rxe5 42. Rd6+ Kg7 43. Rxh5 Re1+ 44. Ka2 Rg1 45. Rxa6 g4 46. Raa5 Kf6 47.
Rh6+ Kg7 48. Rhh5 Rf1 49. Rhg5+ Kh6 50. Rxg4 1-0

[Event "Early-Titled-Tuesday-Blitz-May-28-2024"]
[Site "Chess.com"]
[Date "2024.05.28"]
[Round "8"]
[White "FrenchPlayer2203"]
[Black "VirtualCoach"]
[Result "1-0"]
[WhiteElo "2087"]
[BlackElo "2173"]
[TimeControl "180+1"]
[EndTime "9:30:44 PDT"]
[Termination "FrenchPlayer2203 won on time"]

1. d4 Nf6 2. c4 e6 3. Nc3 Bb4 4. f3 c5 5. d5 O-O 6. e4 d6 7. Bd3 Bd7 8. Ne2 Re8 9. O-O a6 10.
a4 Qe7 11. Qc2 e5 12. f4 Ng4 13. h3 Nf6 14. fxe5 dxe5 15. Bg5 Qd6 16. Bxf6 gxf6 17. Ng3 Kh8 18. Qf2 Rg8 19. Kh2 Rg6 20. Rae1 Qf8 21. Re3 Ba5 22. Rf3 Bd8 23. b3 Qh6 24. Kg1 b6 25.
Nd1 a5 26. Ne3 Na6 27. Nef5 Qf8 28. Nh4 Rg5 29. Ngf5 Nb4 30. Be2 Nc2 31. Rg3 Nd4 32. Nxd4 cxd4 33. Rxg5 fxg5 34. Nf5 f6 35. Bg4 Rc8 36.
Ng3 Bxg4 37. hxg4 Qe7 38. Nh5 Kg8 39. Nxf6+ Qxf6 40. Qxf6 Bxf6 41. Rxf6 d3 42. Kf2 1-0